 Dungeon Crawl Stone Soup version 0.23-a0-767-gdc19b93d68 (webtiles) character file.

132 AxeAttX the Skirmisher (level 5, -1/42 HPs)
             Began as a Formicid Fighter on Jan 23, 2019.
             Slain by an ogre
             ... wielding a +0 giant club
              (7 damage)
             ... on level 4 of the Dungeon.
             The game lasted 00:03:49 (2920 turns).

AxeAttX the Skirmisher (Formicid Fighter)           Turns: 2920, Time: 00:03:50

Health: -1/42      AC:  8    Str: 21    XL:     5   Next: 38%
Magic:  5/5        EV:  8    Int:  8    God:
Gold:   167        SH: 11    Dex: 10    Spells: 4/4 levels left

rFire    . . .     SeeInvis +   a - +0 flail
rCold    . . .     Gourm    .   c - +0 shield
rNeg     . . .     Faith    .   b - +0 scale mail
rPois    .         Spirit   .   (helmet unavailable)
rElec    .         Reflect  +   (no cloak)
rCorr    .         Harm     .   j - +0 pair of gloves (curse)
MR       .....                  (no boots)
Stlth    ..........             g - +2 amulet of reflection
HPRegen  0.14/turn              (no ring)
MPRegen  0.09/turn              (no ring)

@: flying
A: permanent stasis, dig shafts and tunnels, four strong arms, antennae 3
a: Dig, Shaft Self


You were on level 4 of the Dungeon.
You were not hungry.

You visited 1 branch of the dungeon, and saw 4 of its levels.

You collected 167 gold pieces.

Inventory:

Hand Weapons
 a - a +0 flail (weapon)
Armour
 b - a +0 scale mail (worn)
 c - a +0 shield (worn)
 j - a cursed +0 pair of gloves (worn)
   (You found it on level 1 of the Dungeon)
Jewellery
 g - a +2 amulet of reflection (around neck)
   (You found it on level 1 of the Dungeon)
Scrolls
 h - a scroll of fear {unknown}
 k - a scroll of magic mapping {unknown}
 l - 2 scrolls of fog {unknown}
 m - 2 scrolls of amnesia {unknown}
 n - 3 scrolls of teleportation {unknown}
 p - 2 scrolls of immolation {unknown}
 r - 4 scrolls of identify
 t - a scroll of blinking {unknown}
Potions
 d - 2 potions of might
 f - a potion of haste {unknown}
 i - 2 potions of lignification
 o - a potion of flight
 u - a potion of ambrosia {unknown}
Comestibles
 e - 3 rations
 s - 2 chunks of flesh


   Skills:
 + Level 4.1 Fighting
 * Level 3.8 Maces & Flails
 - Level 4.0 Armour
 - Level 4.0 Shields


You had 4 spell levels left.
You didn't know any spells.
Your spell library contained the following spells:

 Spells                   Type           Power        Failure   Level  Hunger
 Animate Skeleton         Necr           N/A          98%         1    ##.....
 Apportation              Tloc           #.....       98%         1    ##.....
 Confusing Touch          Hex            #.....       98%         1    ##.....
 Summon Small Mammal      Summ           #...         98%         1    ##.....


Dungeon Overview and Level Annotations

Branches:
Dungeon (4/15)
 Temple: D:4-7

Altars:
The Shining One


Innate Abilities, Weirdness & Mutations

You cannot be hasted, slowed, berserked, paralysed or teleported.
You can dig through walls and to a lower floor.
Your four strong arms can wield two-handed weapons with a shield.
You have a pair of large antennae on your head. (SInv)


Message History

You miss the bat. You block the bat's attack. x2
The bat hits you but does no damage.
You closely miss the bat. The bat hits you but does no damage.
The bat barely misses you. You block the bat's attack.
You sock the bat!
You kill the bat!
No target in view!
No target in view!
No target in view!
No target in view!
No target in view!
No target in view!
No target in view!
No target in view!
No target in view!
No target in view!
Done exploring.
Done exploring.
Done exploring.
All of the chunks of flesh in your inventory have rotted away.
There is a stone staircase leading down here.
You climb downwards.
Found 9 gold pieces.
There is a stone staircase leading up here.
You now have 167 gold pieces (gained 9).
You sense a monster nearby.
A giant cockroach comes into view.
A giant cockroach is nearby!
You hit the giant cockroach.
The giant cockroach is severely wounded.
The giant cockroach bites you but does no damage.
You block the giant cockroach's attack.
You barely miss the giant cockroach.
The giant cockroach is severely wounded.
The giant cockroach bites you but does no damage.
You hit the giant cockroach.
You kill the giant cockroach!
No target in view!
No target in view!
No target in view!
No target in view!
No target in view!
No target in view!
You butcher the giant cockroach corpse.
s - 2 chunks of flesh
m - 2 scrolls labeled GUECOI UTURCHA (gained 1)
Found a stone staircase leading down.
Found a stone staircase leading down.
There is a stone staircase leading down here.
An ogre comes into view. It is wielding a +0 giant club.
The ogre shouts!
An ogre is nearby!
An ogre is nearby!
The ogre hits you with a +0 giant club!
Your scale mail prevents you from hitting the ogre.
You block the ogre's attack.
You hit the ogre.
The ogre is lightly wounded.
The ogre barely misses you.
You hit the ogre but do no damage.
The ogre is lightly wounded.
The ogre hits you with a +0 giant club!
Okay, then.
Throwing (i - inventory)
q - a throwing net (quivered)
Press: ? - help, Shift-Dir - straight line, f - ogre
Aim: an ogre, wielding a +0 giant club (lightly wounded)
You throw a throwing net. The throwing net hits the ogre.
The ogre is caught in the net!
The ogre is lightly wounded.
The ogre struggles against the net.
You sock the ogre!
The ogre is heavily wounded.
The ogre struggles against the net. x2
You strike the helpless ogre from behind!
You hit the ogre but do no damage.
The ogre is heavily wounded.
The ogre struggles against the net.
You hit the ogre.
The ogre is heavily wounded.
The ogre struggles against the net.
You hit the ogre.
The ogre is severely wounded.
The ogre struggles against the net. x2
The net rips apart, and the ogre comes free!
You hit the ogre.
The ogre is severely wounded.
The ogre hits you with a +0 giant club!
* * * LOW HITPOINT WARNING * * *
You hit the ogre.
The ogre is severely wounded.
You block the ogre's attack.
You hit the ogre but do no damage.
The ogre is severely wounded.
The ogre barely misses you.
You aren't carrying any items that you can evoke.
Okay, then.
It was a potion of flight.
You feel very buoyant.
You fly up into the air.
The ogre hits you with a +0 giant club!
You die...

#.#.#.......# #.#
#.#.#.#.#..######.#
#.#.#.#.#..>.......
#.......####.......
###.#.#### #.##.###
###.........#.##.#
#......####.#.##.#
#.#.#.## #.##.#
#.#@#.# #.##.### #
#O#.# ........
#.#.# ##......
#.#.. .#.... ..#
##### ###


You could see an ogre.

Vanquished Creatures
  An orc wizard (D:3)
  4 gnolls
  2 adders
  2 dart slugs
  2 orcs (D:3)
  A ball python (D:3)
  A giant cockroach (D:4)
  7 goblins
  4 hobgoblins
  4 jackals (D:2)
  A quokka (D:2)
  4 bats
  6 kobolds
  6 rats
45 creatures vanquished.

Notes
Turn   | Place    | Note
-------+----------+-------------------------------------------
     0 | D:1      | AxeAttX the Formicid Fighter began the quest for the Orb.
     0 | D:1      | Reached XP level 1. HP: 18/18 MP: 1/1
   291 | D:1      | Reached XP level 2. HP: 22/24 MP: 2/2
   358 | D:1      | Found a glowing golden altar of the Shining One.
   961 | D:2      | Reached XP level 3. HP: 29/29 MP: 3/3
  1124 | D:2      | Reached skill level 4 in Shields
  1820 | D:3      | Reached skill level 3 in Maces & Flails
  1820 | D:3      | Reached XP level 4. HP: 36/37 MP: 4/4
  2201 | D:3      | Reached skill level 4 in Armour
  2497 | D:3      | Reached XP level 5. HP: 42/42 MP: 5/5
  2512 | D:3      | Reached skill level 4 in Fighting
  2905 | D:4      | Noticed an ogre
  2917 | D:4      | HP: 6/42 [ogre/+0 giant club (15)]
  2920 | D:4      | Slain by an ogre

Vault maps used:
D:1:      eino_arrival_cavern_b, tso_metal_star

Skill      XL: |  1  2  3  4  5 |
---------------+----------------+-----
Shields        | 4 |  4.0
Maces & Flails | 3 |  3.8
Armour         | 4 |  4.0
Fighting       | 4 |  4.1

Action                   |  1- 3 |  4- 6 || total
-------------------------+-------+-------++-------
Melee: Flail             |   124 |    70 ||   194
Throw: Throwing net      |       |     1 ||     1
  Use: Scroll            |     2 |       ||     2
       Potion            |       |     1 ||     1
 Stab: Held in net/web   |       |     1 ||     1
  Eat: Chunk             |     2 |     1 ||     3
       Ration            |       |     1 ||     1
Armor: Scale mail        |    70 |    26 ||    96
Dodge: Dodged            |    53 |    21 ||    74
Block: Shield            |    91 |    32 ||   123
       Reflection        |     2 |       ||     2

Table legend:
 A = Non-vault XP
 B = Vault XP
 C = Vault XP percentage of total XP
 D = Non-vault monster count
 E = Vault monster count
 F = Vault count percentage of total count
                 A         B        C        D         E       F
            +---------+---------+-------+---------+---------+-------
      Total |     189 |       0 |   0.0 |      45 |       0 |   0.0
            +---------+---------+-------+---------+---------+-------
        D:1 |      17 |       0 |   0.0 |      12 |       0 |   0.0
        D:2 |      71 |       0 |   0.0 |      17 |       0 |   0.0
        D:3 |      99 |       0 |   0.0 |      15 |       0 |   0.0
        D:4 |       2 |       0 |   0.0 |       1 |       0 |   0.0
            +---------+---------+-------+---------+---------+-------

Vault maps used:
D:1:      eino_arrival_cavern_b, tso_metal_star

Table legend:
 A = Turns spent in this place as a percentage of turns spent in the entire game.
 B = Non-inter-level travel turns spent in this place as a percentage of non-inter-level travel turns spent in the entire game.
 C = Inter-level travel turns spent in this place as a percentage of turns spent in this place.
 D = Turns resting spent in this place as a percentage of non-inter-level travel turns spent in this place.
 E = Turns spent auto-exploring this place as a percentage of non-inter-level travel turns spent in this place.
 F = Non-inter-level travel turns spent in this place divided by the number of levels of this place that you've seen.
                   A       B       C       D       E      F
               +-------+-------+-------+-------+-------+----------------------
         Total | 100.0 | 100.0 |   4.1 |  18.4 |  66.4 | 700.2
       Dungeon | 100.0 | 100.0 |   4.1 |  18.4 |  66.4 | 700.2
               +-------+-------+-------+-------+-------+----------------------

Table legend:
 A = Kills in this place as a percentage of kills in entire the game.
 B = Kills by you in this place as a percentage of kills by you in the entire game.
 C = Kills by friends in this place as a percentage of kills by friends in the entire game.
 D = Other kills in this place as a percentage of other kills in the entire game.
 E = Experience gained in this place as a percentage of experience gained in the entire game.
 F = Experience gained in this place divided by the number of levels of this place that you have seen.
                   A       B       C       D       E      F
               +-------+-------+-------+-------+-------+----------------------
         Total | 100.0 | 100.0 |   N/A |   N/A | 100.0 |  47.2
       Dungeon | 100.0 | 100.0 |   N/A |   N/A | 100.0 |  47.2
               +-------+-------+-------+-------+-------+----------------------
